 Dungeon Crawl Stone Soup version 0.17-a0-1625-g47e540b (webtiles) character file.

1467 maniek23 the Spear-Bearer (level 8, -7/60 HPs)
             Began as a Merfolk Gladiator on Aug 2, 2015.
             Killed by nerve-wracking pain
             ... invoked by an orc priest
              (9 damage)
             ... on level 7 of the Dungeon.
             The game lasted 00:25:33 (7368 turns).

maniek23 the Spear-Bearer (Merfolk Gladiator)       Turns: 7368, Time: 00:25:33

Health: -7/60      AC:  2    Str: 16    XL:     8   Next: 77%
Magic:  8/8        EV: 27    Int:  9    God:    Xom [.....*]
Gold:   494        SH:  0    Dex: 23    Spells: 1 memorised, 5 levels left

rFire  . . .     SeeInvis .     (weapon currently unavailable)
rCold  . . .     Clarity  +     (armour currently unavailable)
rNeg   . . .     SustAt   .     (shield currently unavailable)
rPois  .         Gourm    .     (helmet currently unavailable)
rElec  .         Spirit   .     (cloak currently unavailable)
rCorr  .         Warding  .     (gloves currently unavailable)
rMut   .         Stasis   .     (boots currently unavailable)
MR     .....                    A - amulet of rage
Stlth  +++.......               (no ring)
                                C - ring of poison resistance

@: spider-form, drained, not resistant to hostile enchantments, fairly stealthy
A: (change form in water), (swift swim), (antennae 0), agile 1, clarity, clever
1, wild magic 1
a: Renounce Religion, Evoke Berserk Rage


You were on level 7 of the Dungeon.
You worshipped Xom.
You were Xom's teddy bear.
You were hungry.
You were a venomous arachnid creature.
You visited 2 branches of the dungeon, and saw 8 of its levels.
You also visited: Sewer.

You collected 494 gold pieces.

Inventory:

Hand weapons
 a - a +0 halberd of holy wrath (melded)
 b - a +2 short sword
 B - a +0 greatsling of flaming
 L - a +0 trident
Armour
 c - a +0 helmet
 e - a +0 leather armour
 i - a +2 pair of gloves of strength (melded)
 p - a +0 ring mail
 q - a +0 scale mail
 H - a +0 cloak (melded)
 M - a +1 robe of fire resistance
 N - a +2 ring mail of magic resistance (melded)
 P - a troll hide {Purgy}
Jewellery
 A - an amulet of rage (around neck)
 C - a ring of poison resistance (left front leg)
Magical devices
 F - a wand of fireball (4)
Scrolls
 d - a scroll of noise {unknown}
 h - a scroll of immolation
 j - 2 scrolls of recharging
 m - a scroll of blinking {unknown}
 n - 2 scrolls of enchant armour {unknown}
 o - 2 scrolls of magic mapping
 r - 3 scrolls of fog {unknown}
 w - 10 scrolls of teleportation {unknown}
 y - a scroll of random uselessness {unknown}
 G - 8 scrolls of remove curse {unknown}
 T - a scroll of identify
Potions
 f - a potion of poison
 g - a potion of cure mutation {unknown}
 k - a potion of might {unknown}
 l - a potion of mutation
 s - 2 potions of resistance
 u - 3 potions of lignification
 v - a potion of degeneration {unknown}
 z - 2 potions of ambrosia {unknown}
 D - a potion of berserk rage {unknown}
 E - a potion of heal wounds {unknown}
 K - a potion of magic {unknown}
 O - 6 potions of flight {unknown}
 Q - 3 potions of curing {unknown}
 R - a potion of brilliance {unknown}
 S - a potion of haste {unknown}
Books
 t - Zeupydusm's Handbook of Fetching Attacks
   (Xom gifted it to you on level 6 of the Dungeon)

   Spells                             Type                      Level
   a - Ensorcelled Hibernation        Hexes/Ice                    2
   b - Dazzling Spray                 Conjuration/Hexes            3
   c - Mephitic Cloud                 Conjuration/Poison/Air       3
   d - Summon Guardian Golem          Hexes/Summoning              3
   e - Poisonous Cloud                Conjuration/Poison/Air       6
Comestibles
 x - 4 meat rations
 I - a bread ration
 J - 2 slices of pizza


   Skills:
 + Level 3.8(2.7) Fighting
 + Level 8.4(7.1) Polearms
 * Level 5.0(3.8) Throwing
 + Level 2.9(1.8) Armour
 + Level 7.5(6.2) Dodging
 + Level 4.3(3.2) Stealth


You had 5 spell levels left.
You knew the following spells:

 Your Spells              Type           Power        Failure   Level  Hunger
a - Ensorcelled Hibernat  Hex/Ice        #.....       91%         2    ###....


Dungeon Overview and Level Annotations

Branches:
Dungeon (7/15)             Temple (1/1) D:6

Altars:
Ashenzari
Cheibriados
Dithmenos
Elyvilon
Fedhas
Gozag
Kikubaaqudgha
Nemelex Xobeh
Qazlal
Ru
Sif Muna
Trog
Vehumet
Xom
Yredelemnul
Zin
The Shining One

Annotations:
D:5 Tux's ghost, experienced DEFE
D:7 Menkaure


Innate Abilities, Weirdness & Mutations

((You revert to your normal form in water.))
((You are very nimble and swift while swimming.))
((You have a pair of small antennae on your head.))
You are agile. (Dex +2)
You possess an exceptional clarity of mind.
Your mind is acute. (Int +2)
Your spells are a little harder to cast, but a little more powerful.


Message History

Menkaure calls on the powers of darkness!
Your body is wracked with pain!
The orc priest convulses!
The orc wizard convulses!
The ogre convulses!
The orc wizard convulses!
The orc wizard gestures wildly while chanting.
The orc wizard flickers and vanishes!
Deactivating autopickup; reactivate with Ctrl-A.
The orc priest invokes the aid of Beogh against you.
Pain shoots through your body!
* * * LOW HITPOINT WARNING * * *
Menkaure points at you and mumbles some strange words.
Pain shoots through your body!
* * * LOW HITPOINT WARNING * * *
Xom thinks this is hilarious! "This might be better!"
The ogre evaporates and reforms as a wyvern!
The orc wizard miscasts a cantrip.
The orc priest mumbles some strange prayers to Beogh against you.
Pain shoots through your body!
You die...
Xom howls with laughter!

........[.......<...
........#######.....#
.....##.#######.....#
..#.###..######.....#
#....###o##########..
#.......).######.....
...#####..Z.####..###
.#########ooM........ ##
.#########.l.s.......
...##########......#####
.....................##..# .
#...##......#.##........#
..####....##.#...##........#
........(.#..#.####......<..
.................##........#
....................###.##.# #.
#................######.##.###...


You could see a wyvern, Menkaure, an orc priest, an orc wizard, an orc and a
giant frog skeleton.

Vanquished Creatures
  Sigmund (D:3)
  A hippogriff (D:7)
  Purgy (Sewer)
  An ice beast (D:5)
  A phantom (D:6)
  An ogre (D:5)
  A centaur (D:6)
  A giant frog (D:7)
  A scorpion (D:7)
  3 wights (D:6)
  2 hounds
  The ghost of cireshan the Conjurer, a weakling DECj (D:3)
  A quasit (D:5)
  An orc priest (D:5)
  An orc wizard (D:6)
  An iguana (D:5)
  2 worker ants
  A worker ant zombie (D:7)
  7 adders
  3 gnolls (D:5)
  A shadow imp (D:6)
  2 oozes (D:3)
  An adder zombie (D:6)
  An adder skeleton (D:4)
  3 worms
  A giant gecko (D:4)
  16 orcs
  8 bats
  A goblin (D:3)
  5 hobgoblins
  7 jackals (D:1)
  6 quokkas
  A ball python (Sewer)
  7 giant cockroaches
  A giant cockroach zombie (D:5)
  A giant gecko skeleton (D:7)
  A giant gecko zombie (D:6)
  10 giant newts
  A jackal skeleton (D:6)
  8 kobolds
  20 rats
134 creatures vanquished.

Vanquished Creatures (collateral kills)
  A hound (D:5)
1 creature vanquished.

Vanquished Creatures (others)
  An orc (D:6)
1 creature vanquished.

Grand Total: 136 creatures vanquished

Notes
Turn   | Place    | Note
--------------------------------------------------------------
     0 | D:1      | maniek23 the Merfolk Gladiator began the quest for the Orb.
     0 | D:1      | Reached XP level 1. HP: 16/16 MP: 1/1
    89 | D:1      | Reached XP level 2. HP: 22/22 MP: 2/2
   150 | D:1      | Reached skill level 5 in Polearms
   248 | D:1      | Reached XP level 3. HP: 27/27 MP: 3/3
  1152 | D:2      | Reached XP level 4. HP: 34/34 MP: 4/4
  1272 | D:3      | Noticed cireshan's ghost (weakling DECj)
  1277 | D:3      | Killed cireshan's ghost
  1277 | D:3      | Reached skill level 5 in Dodging
  1526 | D:3      | Reached skill level 1 in Stealth
  1527 | D:3      | Noticed Sigmund
  1977 | D:4      | Reached XP level 5. HP: 39/39 MP: 5/5
  2011 | D:4      | Reached skill level 1 in Armour
  2138 | D:4      | Found a shimmering altar of Xom.
  2142 | D:4      | Became a worshipper of Xom the Psychopath
  2151 | D:4      | Found a stormy altar of Qazlal.
  2310 | D:3      | XOM: mild Divn miscast
  2400 | D:3      | Found a glowing golden altar of the Shining One.
  2401 | D:3      | Found a blossoming altar of Fedhas.
  2652 | D:3      | XOM: divination: detect items
  2825 | D:3      | XOM: summons friendly white imp
  2834 | D:3      | Killed Sigmund
  2834 | D:3      | Reached skill level 6 in Polearms
  2834 | D:3      | Reached XP level 6. HP: 24/46 MP: 6/6
  2990 | D:3      | Found a sparkling altar of Nemelex Xobeh.
  3262 | D:4      | Found a deep blue altar of Sif Muna.
  3741 | D:4      | XOM: harmless Trmt miscast
  3761 | D:5      | Entered Level 5 of the Dungeon
  3819 | D:5      | Reached XP level 7. HP: 47/51 MP: 7/7
  4112 | D:5      | XOM: summons friendly sixfirhy
  4136 | D:5      | XOM: 1-stop teleportation journey
  4580 | D:5      | XOM: divination: detect creatures
  4757 | D:5      | Noticed Tux's ghost (experienced DEFE)
  4920 | D:4      | XOM: vitrification
  5013 | D:4      | XOM: god gift: 52 gold pieces
  5178 | D:5      | XOM: swap monsters
  5241 | D:5      | XOM is BORED!
  5241 | D:5      | XOM: medium Divn miscast
  5364 | D:5      | Reached skill level 7 in Polearms
  5505 | D:6      | XOM: vitrification
  5600 | D:6      | XOM: destruction
  5687 | D:6      | XOM: swap monsters
  5699 | D:6      | Reached XP level 8. HP: 26/58 MP: 8/8
  5742 | D:6      | Found a glowing drain.
  5751 | Sewer    | Entered a sewer
  6073 | Sewer    | Noticed Purgy
  6122 | Sewer    | Killed Purgy
  6173 | D:6      | XOM: 1-stop teleportation journey
  6243 | D:6      | Found a staircase to the Ecumenical Temple.
  6255 | Temple   | Entered the Ecumenical Temple
  6807 | D:6      | XOM: god gift: 37 gold pieces
  6827 | D:6      | XOM: god gift: conspicuous book {god gift}
  6828 | D:6      | Identified Zeupydusm's Handbook of Fetching Attacks (Xom gifted it to you on level 6 of the Dungeon)
  6835 | D:6      | Learned a level 2 spell: Ensorcelled Hibernation
  7013 | D:7      | Reached skill level 8 in Polearms
  7013 | D:7      | XOM: give mutation
  7013 | D:7      | Gained mutation: You have a pair of small antennae on your head. [Xom's grace]
  7251 | D:7      | Reached skill level 5 in Throwing
  7258 | D:7      | XOM: give mutations
  7258 | D:7      | Gained mutation: Your spells are a little harder to cast, but a little more powerful. [Xom's grace]
  7258 | D:7      | Gained mutation: You possess an exceptional clarity of mind. [Xom's grace]
  7258 | D:7      | Gained mutation: Your mind is acute. (Int +2) [Xom's grace]
  7258 | D:7      | Gained mutation: You are agile. (Dex +2) [Xom's grace]
  7314 | D:7      | XOM: vitrification
  7343 | D:7      | XOM: draining
  7356 | D:7      | Noticed Menkaure
  7363 | D:7      | XOM: cast spell 'Spider Form'
  7365 | D:7      | HP: 1/60 [Menkaure/nerve-wracking pain (13)]
  7366 | D:7      | XOM: polymorph ogre -> wyvern
  7368 | D:7      | Killed from afar by an orc priest

Vault maps used:
D:1:      dpeg_arrival_ratfight, dk_noncrumbling_4
D:2:      first_bread
D:3:      nicolae_overflow_hidden_temple, uniq_sigmund
D:4:      kennysheep_mini, nicolae_overflow_crystal_walls,
          grunt_qazlal_sundering
D:6:      minmay_temple_entry_statues_pillars, lightli_sewer_entry_pipes
D:7:      serial_shops, shop, uniq_crazy_yiuf_cottage, uniq_menkaure
Temple:   triangle_lava_temple_11
Sewer:    sewer_co_purgy_island

Action                   |  1- 3 |  4- 6 |  7- 9 || total
-------------------------+-------+-------+-------++-------
Melee: Trident           |   154 |   162 |    81 ||   397
       Halberd           |       |       |   133 ||   133
       Unarmed           |       |       |     2 ||     2
Throw: Throwing net      |     1 |     8 |       ||     9
Evoke: Wand              |       |       |     1 ||     1
  Use: Scroll            |       |       |     9 ||     9
 Stab: Sleeping          |     3 |     7 |     4 ||    14
       Held in net/web   |     1 |     2 |       ||     3
       Distracted        |       |       |     3 ||     3
       Confused          |       |       |     2 ||     2
  Eat: Chunk             |     1 |     1 |     3 ||     5
       Bread ration      |       |     2 |     1 ||     3
       Beef jerky        |       |       |     1 ||     1
